 Seeded DCSS version 0.31-a0-868-g674d60d6f7 (webtiles) character file.

Game seed: 12148680319687862205 (custom seed)

36635 GigaChad the Cleaver (level 14, -5/88 HPs) *EXPLORE*
             Began as a Kobold Fighter on Oct 11, 2023.
             Was an Initiate of Gozag.
             Killed from afar by a fire dragon (41 damage)
             ... with a blast of flame
             ... on level 5 of the Lair of Beasts.
             The game lasted 00:24:35 (17096 turns).

GigaChad the Cleaver (Kobold Fighter)              Turns: 17096, Time: 00:24:35

Health: -5/88      AC: 27    Str: 18    XL:     14   Next: 24%
Magic:  15/15      EV: 19    Int:  6    God:    Gozag
Gold:   1288       SH:  9    Dex: 29    Spells: 15/15 levels left

rFire   . . .        a - +3 war axe (heavy)
rCold   . . .        c - +1 buckler
rNeg    . . .        K - +8 plate armour "Yhoorr" {Rampage *Corrode rElec Dex+8}
rPois   .            (no helmet)
rElec   +            M - +2 cloak of the Thief {*Fog Slay-2 SInv Stlth+}
rCorr   .            B - +1 pair of gloves {Dex+3}
SInv    +            (no boots)
Will    +++..        S - necklace of Bloodlust {Fury *Rage Will++ Int-3 Slay+6}
Stlth   ++           h - +5 ring of evasion
HPRegen 0.34/turn    T - ring of Xom's Malicious Joy {EV+5 Dex+3}
MPRegen 0.14/turn

%: random rage (50%), corrode self (3%), rampage
@: lethally poisoned (-5 -> -6), on berserk cooldown, slowed, very slow
A: small, no large weapons, nightstalker 3
a: Renounce Religion, Potion Petition, Call Merchant, Bribe Branch


You were on level 5 of the Lair of Beasts.
You worshipped Gozag.
Gozag was most pleased with you.
You visited 3 branches of the dungeon, and saw 16 of its levels.
You also visited: Sewer and Ossuary.

You collected 3877 gold pieces.
You spent 2479 gold pieces at shops.
You paid 110 gold pieces to Gozag.

Inventory:

Hand Weapons
 a - a +3 heavy war axe (weapon)
Armour
 c - a +1 buckler (worn)
 B - a +1 pair of gloves of dexterity (worn)
 K - the +8 plate armour "Yhoorr" (worn) {Rampage *Corrode rElec Dex+8}
   (You bought it in a shop on level 5 of the Dungeon)

   Dex+8:     It affects your dexterity (+8).
   rElec:     It insulates you from electricity.
   *Corrode:  It may corrode you when you take damage.
   Rampage:   It bestows one free step when moving towards enemies.
 M - the +2 cloak of the Thief (worn) {*Fog Slay-2 SInv Stlth+}
   (You bought it in a shop on level 5 of the Dungeon)

   *Fog:      It may release a thick cloud of smoke when the wearer is hurt.
   Slay-2:    It affects your accuracy & damage with ranged weapons and melee
   (-2).
   SInv:      It lets you see invisible.
   Stlth+:    It makes you more stealthy.
 N - a +0 plate armour
Jewellery
 f - a ring of protection from fire
 h - a +5 ring of evasion (left hand)
 v - an amulet of regeneration
 F - a +5 ring of evasion
 I - a ring of positive energy
 S - the necklace of Bloodlust (around neck) {Fury *Rage Will++ Int-3 Slay+6}
   (You bought it in a shop on level 9 of the Dungeon)

   [amulet of nothing]

   Fury:      It extends the wearer's berserk rage when killing foes.
   Int-3:     It affects your intelligence (-3).
   Slay+6:    It affects your accuracy & damage with ranged weapons and melee
   (+6).
   Will++:    It greatly increases your willpower.
   *Rage:     It berserks you when you make melee attacks (+50% chance).
 T - the ring of Xom's Malicious Joy (right hand) {EV+5 Dex+3}
   (You bought it in a shop on level 9 of the Dungeon)

   [ring of evasion]

   EV+5:      It affects your evasion (+5).
   Dex+3:     It affects your dexterity (+3).
Wands
 m - a wand of acid (14)
 t - a wand of flame (20)
 C - a wand of roots (7)
 D - a wand of charming (27)
Scrolls
 b - 2 scrolls of silence {unknown}
 g - 7 scrolls of vulnerability
 j - 8 scrolls of teleportation
 k - 6 scrolls of amnesia
 o - 5 scrolls of fog
 s - 2 scrolls of revelation
 x - 10 scrolls of identify
 y - 4 scrolls of poison
 G - a scroll of enchant armour
 H - 2 scrolls of immolation {unknown}
 J - a scroll of torment {unknown}
 O - a scroll of acquirement {unknown}
 P - 3 scrolls of blinking {unknown}
 R - a scroll of enchant weapon
Potions
 d - 9 potions of might
 e - 6 potions of invisibility {unknown}
 i - a potion of magic
 l - 6 potions of heal wounds {unknown}
 n - 10 potions of curing {unknown}
 p - 2 potions of brilliance {unknown}
 q - 5 potions of mutation {unknown}
 r - 2 potions of haste {unknown}
 u - a potion of cancellation {unknown}
 w - 4 potions of resistance {unknown}
 z - 3 potions of degeneration {unknown}
 A - a potion of enlightenment {unknown}
 E - 2 potions of attraction {unknown}
 L - a potion of lignification {unknown}
 Q - a potion of ambrosia {unknown}


   Skills:
 * Level 10.8 Fighting
 * Level 12.9 Axes
 * Level 9.1 Armour
 * Level 1.5 Dodging
 * Level 11.3 Stealth
 * Level 7.4 Shields
 * Level 1.2 Spellcasting
 * Level 1.5 Evocations


You had 15 spell levels left.
You didn't know any spells.
Your spell library contained the following spells:

 Spells                   Type           Power      Damage    Failure   Level
 Freeze                   Ice            0%         1d3       100%        1
 Sandblast                Erth           0%         2d4       100%        1
 Shock                    Conj/Air       0%         1d3       100%        1
 Slow                     Hex            0%         N/A       100%        1
 Blink                    Tloc           0%         N/A       100%        2
 Lesser Beckoning         Tloc           0%         N/A       100%        2
 Passwall                 Tmut/Erth      0%         N/A       100%        2
 Confusing Touch          Hex            0%         N/A       100%        3
 Frozen Ramparts          Ice            0%         1d1       100%        3
 Gell's Gravitas          Tloc           0%         N/A       100%        3
 Hailstorm                Conj/Ice       0%         3d3       100%        3
 Inner Flame              Hex/Fire       0%         N/A       100%        3
 Sigil of Binding         Hex            0%         N/A       100%        3
 Stone Arrow              Conj/Erth      0%         3d7       100%        3
 Swiftness                Air            0%         N/A       100%        3
 Teleport Other           Tloc           0%         N/A       100%        3
 Vampiric Draining        Necr           0%         2d6       100%        3
 Airstrike                Air            0%         2d(0-16)  100%        4
 Brom's Barrelling Bould  Conj/Erth      0%         2d3       100%        4
 Manifold Assault         Tloc           0%         N/A       100%        4
 Iskenderun's Battlesphe  Conj           0%         2d6       100%        5
 Yara's Violent Unravell  Hex/Tmut       0%         3d3       100%        5
 Bombard                  Conj/Erth      0%         9d1       100%        6
 Enfeeble                 Hex            0%         N/A       100%        7
 Spellforged Servitor     Conj/Summ      0%         N/A       100%        7


Dungeon Overview and Level Annotations

Branches:
Dungeon (10/15)            Temple (1/1) D:6            Lair (5/5) D:9
 Shoals (0/4) Lair:3        Snake (0/4) Lair:2        Slime (0/5) Lair:4
  Sewer (visited)         Ossuary (visited)
    Orc: D:9-12

Altars:
Ashenzari
Cheibriados
Dithmenos
Elyvilon
Gozag
Hepliaklqana
Kikubaaqudgha
Makhleb
Nemelex Xobeh
Okawaru
Qazlal
Ru
Sif Muna
Trog
Uskayaw
Vehumet
Wu Jian
Xom
Yredelemnul
Zin
The Shining One
Jiyva

Shops:
D:5 *[!!:   D:6 !   D:9 =*:==


Innate Abilities, Weirdness & Mutations

You are small and have problems with some larger weapons.
You are completely attuned to the shadows.


Message History

The swamp dragon barely misses you. x2; The swamp dragon misses you.
Found 21 gold pieces and a robe.
You feel your anger nearly subside.
You are no longer berserk.
You are exhausted.
You feel yourself slow down.
You feel sick. You block the swamp drake's attack. The fire dragon bites you.
You block the fire dragon's attack.
The fire dragon tramples you but does no damage.
The swamp dragon attacks as it pursues you!
The swamp dragon bites you but does no damage.
The swamp dragon closely misses you.
The swamp dragon tramples you but does no damage.
The swamp drake closely misses you.
You feel very sick.
The swamp dragon attacks as it pursues you!
You block the swamp dragon's attack. x2
The swamp dragon tramples you but does no damage.
The fire dragon breathes flames at you.
The blast of flame hits you but does no damage.
The swamp dragon bites you but does no damage.
You block the swamp dragon's attack. x2
You enter the shallow water.
Moving in this stuff is going to be slow.
You are engulfed in a cloud of scalding steam.
You feel sick. The swamp drake breathes poison at you.
The noxious blast engulfs the fire dragon but does no damage.
The fire dragon roars deafeningly!
Okay, then.
Why would you want to do that?
Unknown command.
You completely miss the fire dragon.
The fire dragon is moderately wounded.
You slice the swamp dragon!!
You feel sick.
You hear an angry hiss. x2
The swamp dragon bites you but does no damage.
You block the swamp dragon's attack. The swamp dragon barely misses you.
The fire dragon breathes flames at you. The blast of flame hits you!!!
You die...
Your body crumbles into a pile of gold.

♣♣.♣~~♣♣♣
♣○.°≈~♣.♣
♣♣♣P~≈≈≈~.♣♣
♣.°~~♣♣~~..♣♣♣
♣.~≈~°♣♣~.P..♣♣
..~≈°°°♣♣♣~.♣..♣♣
.~~≈°k°.?♣♣~~≈..♣
♣♣..DD°[!♣♣♣≈~..♣♣
.l≈§@°°.. ♣~(.♣.♣♣
.~≈≈~§/[♣♣♣~.P...♣
~≈≈~.$.[♣♣..~≈P.P♣
≈≈≈~.♣♣♣♣.≈≈≈~♣♣.
≈≈.~~. ♣P~≈♣♣~.♣
♣~≈..♣♣~♣♣♣♣
~≈..♣♣♣≈.≈.♣
..~..♣..♣.~♣♣
♣..♣♣≈.♣


You could see a fire dragon (catching breath), a swamp dragon, a komodo dragon
(confused) and a swamp drake (catching breath).

Vanquished Creatures
  2 hydras (Lair:5)
  10 death yaks
  2 skysharks
  A lindwurm (Lair:4)
  A salamander (Lair:2)
  11 elephants
  A black mamba (Lair:4)
  A torpor snail (Lair:4)
  7 komodo dragons
  8 cane toads
  2 rime drakes
  A freezing wraith (D:10)
  A troll (D:9)
  2 polar bears
  8 blink frogs
  3 dream sheep (Lair:4)
  5 wyverns
  A vampire (D:9)
  45 yaks
  3 basilisks
  5 steam dragons
  6 acid dragons
  9 water moccasins
  2 swamp drakes (Lair:5)
  2 ogres
  2 orc warriors
  4 black bears
  3 ice beasts
  A sky beast (D:7)
  15 wolves
  7 centaurs
  The ghost of LeprechaunX the Changeling, an amateur OpSh (D:3)
  A phantom (D:5)
  5 kobold brigands
  12 bullfrogs
  3 scorpions
  2 gnoll sergeants (D:10)
  A wight (D:10)
  7 killer bees
  A howler monkey (D:6)
  3 lava snakes (Lair:2)
  2 hounds
  3 jellies
  3 gnoll boudas
  5 orc priests
  Jessica (D:3)
  2 iguanas (Lair:5)
  Natasha (twice) (D:2)
  7 orc wizards
  2 mummies
  12 gnolls
  10 adders
  3 river rats
  A white imp (D:6)
  5 worms
  3 dart slugs
  18 orcs
  2 spectral bats (Ossuary)
  2 bats
  8 endoplasms
  4 giant cockroaches
  12 gnoll zombies (Ossuary)
  4 goblins
  7 hobgoblins
  2 jackals (D:4)
  4 quokkas
  19 ball pythons
  A bat simulacrum (Ossuary)
  3 frilled lizards
  4 goblin simulacra (Ossuary)
  6 goblin zombies
  8 hobgoblin zombies (Ossuary)
  17 kobolds
  3 kobold simulacra (Ossuary)
  5 kobold zombies
  An orc zombie (Ossuary)
  10 rats
  3 rat simulacra (Ossuary)
  2 spectral goblins (Ossuary)
  3 spectral kobolds (Ossuary)
  3 spectral rats (Ossuary)
419 creatures vanquished.

Notes
Turn   | Place    | Note
-------+----------+-------------------------------------------
     0 | D:1      | GigaChad the Kobold Fighter began the quest for the Orb.
     0 | D:1      | Reached XP level 1. HP: 14/14 MP: 1/1
     0 | D:1      | Entered explore mode.
   136 | D:1      | Reached XP level 2. HP: 18/19 MP: 2/2
   326 | D:1      | Reached skill level 1 in Stealth
   664 | D:1      | Reached XP level 3. HP: 23/23 MP: 3/3
   901 | D:2      | Reached skill level 2 in Axes
  1064 | D:2      | Reached XP level 4. HP: 29/29 MP: 4/4
  1229 | D:2      | Noticed Natasha
  1238 | D:2      | HP: 1/29 [cerulean imp/+2 spear[Natasha] (2)]
  1238 | D:2      | Slain by a cerulean imp
                  | ... wielding a +1 spear
                  | ... summoned by Natasha
                  | (2 damage)
  1245 | D:2      | Slain by Natasha (8 damage)
  1249 | D:2      | Killed Natasha
  1468 | D:2      | Noticed Natasha
  1482 | D:2      | HP: 1/29 [Natasha (3)]
  1482 | D:2      | Slain by a cerulean imp
                  | ... wielding a +2 spear
                  | ... summoned by Natasha
                  | (5 damage)
  1483 | D:2      | Killed Natasha
  1484 | D:2      | Reached XP level 5. HP: 27/33 MP: 5/5
  1618 | D:3      | Found a faded altar of an unknown god.
  2110 | D:3      | Noticed Jessica
  2114 | D:3      | Killed Jessica
  2222 | D:3      | HP: 1/33 [orc priest/+0 hand axe (6)]
  2223 | D:3      | Slain by an orc
                  | ... wielding a +0 morningstar
                  | (3 damage)
  2224 | D:3      | Reached XP level 6. HP: 38/38 MP: 6/6
  2473 | D:3      | Found a runed translucent door.
  2473 | D:3      | Noticed LeprechaunX's ghost (amateur OpSh)
  2555 | D:3      | Killed LeprechaunX's ghost
  2556 | D:3      | Reached skill level 3 in Axes
  2931 | D:4      | Noticed an ogre
  2936 | D:4      | Killed an ogre
  2937 | D:4      | Reached XP level 7. HP: 17/44 MP: 7/7
  3869 | D:5      | Entered Level 5 of the Dungeon
  3915 | D:5      | HP: 1/44 [ice beast (14)]
  3916 | D:5      | Slain by an ice beast (2 damage)
  3918 | D:5      | Reached skill level 4 in Axes
  3946 | D:5      | Found Xitab's Distillery.
  3965 | D:5      | Reached XP level 8. HP: 39/48 MP: 8/8
  4180 | D:5      | Found a glowing drain.
  4202 | Sewer    | Entered a sewer
  4886 | Sewer    | Reached skill level 5 in Fighting
  5241 | D:5      | Found Xomeih's Book Boutique.
  5397 | D:5      | Reached skill level 5 in Axes
  5510 | D:5      | Found Teompasi's Distillery.
  5636 | D:5      | Found Heuhul's Antique Armour Shop.
  5701 | D:5      | Found Hyabyan's General Store.
  5955 | D:6      | Reached skill level 5 in Armour
  6553 | D:6      | Slain by a black bear (6 damage)
  6557 | D:6      | Reached XP level 9. HP: 28/54 MP: 9/9
  6669 | D:6      | Reached skill level 5 in Stealth
  7019 | D:6      | Mangled by an ogre
                  | ... wielding a +0 giant spiked club
                  | (17 damage)
  7033 | D:6      | Found a staircase to the Ecumenical Temple.
  7054 | Temple   | Entered the Ecumenical Temple
  7144 | Temple   | Became a worshipper of Gozag Ym Sagoz the Greedy
  7268 | D:6      | Found Comufruc's Distillery.
  7569 | D:7      | Reached skill level 6 in Axes
  7816 | D:7      | Killed from afar by a steam dragon (19 damage)
                  | ... with a ball of steam
  8091 | D:7      | Killed by nerve-wracking pain
                  | ... invoked by an orc priest
                  | (8 damage)
  8331 | D:8      | Reached XP level 10. HP: 45/60 MP: 10/10
  8646 | D:8      | Found a sand-covered staircase.
  8653 | Ossuary  | Entered an ossuary
  8803 | Ossuary  | Reached skill level 7 in Axes
  9851 | D:9      | Found Pies's Jewellery Shop.
  9981 | D:5      | Bought a jade-encrusted plate armour for 644 gold pieces
  9981 | D:5      | Identified the +8 plate armour "Yhoorr" {Rampage *Corrode
                  | rElec Dex+8} (You bought it in a shop on level 5 of the
                  | Dungeon)
 10271 | D:9      | Noticed an elephant
 10273 | D:9      | Noticed a death yak
 10282 | D:9      | Killed an elephant
 10283 | D:9      | Reached skill level 8 in Axes
 10283 | D:9      | Mangled by a death yak (22 damage)
 10292 | D:9      | Killed a death yak
 10293 | D:9      | Reached skill level 5 in Shields
 10293 | D:9      | Reached XP level 11. HP: 23/67 MP: 11/11
 10380 | D:9      | Found Jefy's Assorted Antiques.
 10570 | D:9      | Found Buseasch's Book Shop.
 10748 | D:5      | Bought the +2 cloak of the Thief {*Fog Slay-2 SInv Stlth+}
                  | for 462 gold pieces
 10748 | D:5      | Found the +2 cloak of the Thief {*Fog Slay-2 SInv Stlth+}
 11063 | D:9      | Found Zenwegh's Jewellery Shop.
 11185 | D:9      | Found a staircase to the Lair.
 11394 | D:9      | Found Irar's Jewellery Shop.
 11471 | D:10     | Entered Level 10 of the Dungeon
 11524 | D:10     | Reached skill level 9 in Axes
 12067 | Lair:1   | Entered Level 1 of the Lair of Beasts
 12128 | Lair:1   | HP: 3/68 [poisoned by a cane toad]
 12133 | Lair:1   | HP: 2/68 [poisoned by a cane toad]
 12622 | Lair:1   | Reached skill level 10 in Axes
 12622 | Lair:1   | Reached XP level 12. HP: 73/73 MP: 12/12
 13103 | Lair:2   | Noticed a death yak
 13104 | Lair:2   | Noticed a death yak
 13104 | Lair:2   | Noticed a death yak
 13112 | Lair:2   | Slain by a death yak (10 damage)
 13117 | Lair:2   | Killed a death yak
 13118 | Lair:2   | Slain by a death yak (11 damage)
 13122 | Lair:2   | Killed a death yak
 13123 | Lair:2   | Killed a death yak
 13236 | Lair:2   | Noticed a skyshark
 13242 | Lair:2   | Killed a skyshark
 13619 | Lair:2   | Found a staircase to the Snake Pit.
 14071 | Lair:3   | Reached skill level 11 in Axes
 14199 | Lair:3   | Reached XP level 13. HP: 77/80 MP: 13/13
 14389 | Lair:3   | Found a staircase to the Shoals.
 14405 | Lair:3   | Reached skill level 10 in Stealth
 14574 | D:9      | Bought the necklace of Bloodlust {Fury *Rage Will++ Int-3
                  | Slay+6} for 634 gold pieces
 14574 | D:9      | Found the necklace of Bloodlust {Fury *Rage Will++ Int-3
                  | Slay+6}
 14669 | D:9      | Bought the ring of Xom's Malicious Joy {EV+5 Dex+3} for 739
                  | gold pieces
 15683 | Lair:4   | Reached skill level 12 in Axes
 15691 | Lair:4   | Reached skill level 10 in Fighting
 15871 | Lair:4   | Mangled by a yak (17 damage)
 15872 | Lair:4   | HP: 3/82 [torpor snail (17)]
 15873 | Lair:4   | Mangled by a lindwurm (12 damage)
 16020 | Lair:4   | Found a viscous altar of Jiyva.
 16020 | Lair:4   | Found a staircase to the Slime Pits.
 16266 | Lair:4   | Identified the +1 pair of boots "Ihagiurph" {rElec rCorr
                  | Str+4 Slay-4}
 16497 | Lair:4   | You fall into a shaft and drop 1 floor!
 16497 | Lair:5   | Entered Level 5 of the Lair of Beasts
 16497 | Lair:5   | Noticed a five-headed hydra
 16505 | Lair:5   | Killed a ten-headed hydra
 16645 | Lair:5   | Reached XP level 14. HP: 88/88 MP: 14/14
 16966 | Lair:5   | Reached skill level 1 in Dodging
 16966 | Lair:5   | Reached skill level 1 in Evocations
 16970 | Lair:5   | Reached skill level 1 in Spellcasting
 17096 | Lair:5   | Killed from afar by a fire dragon

Illustrated notes

Levels and vault maps discovered:
D:1:      dpeg_arrival_court, layout_basic, serial_bayou_ford_a
D:2:      layout_rooms, uniq_natasha
D:3:      layout_basic, shapermc_ecumenical_altar_venn, gammafunk_ghost_grave,
          corexii_hall_statues_x, chequers_jeans, kennysheep_jessica_study
D:4:      layout_basic
D:5:      layout_loops_corners, portal_sewer_entry_b, serial_shops,
          nicolae_shop_advertising_works [nicolae_subvault_shop_adworks], shop,
          shop, nicolae_shop_industrial_runoff,
          nicolae_shop_tiny_real_fake_doors
D:6:      layout_basic, minmay_temple_entry_proselytizer, serial_shops,
          nicolae_shop_pleasant_corner_grove, grunt_decor_arrowhead,
          supply_closet_lemuel, nrook_uturn, kennysheep_minor_cross
D:7:      layout_rooms
D:8:      layout_cave_pods, nicolae_ossuary_entry_giza, minmay_misc_feat_encased
D:9:      kennysheep_ambush_hall, layout_stronghold, david_lair_generic,
          serial_shops, nicolae_shop_back_alley_shop,
          nicolae_shop_pleasant_corner_grove, shop,
          nicolae_shop_tiny_waterfront, nicolae_shop_peninsula
D:10:     layout_irregular_city, lemuel_doored_altar, minmay_chambers_of_fives
Temple:   mainiacjoe_temple_starburst
Lair:1:   layout_regular_city, serial_bayou_shore_b, grunt_megastairs_1
Lair:2:   layout_cellular_growth, nicolae_snake_entry_warm_welcome,
          lemuel_fruit_tree
Lair:3:   layout_layer_cave, elwin_shoals_entry_rocks, grunt_megastairs_5
Lair:4:   layout_hall_layers, slime_entry_1
Lair:5:   guppyfry_lair_end_dragon, layout_cellular_growth,
          hangedman_lair_in_review, serial_bayou_shore_b, uniq_urug

Skill      XL: |  1  2  3  4  5  6  7  8  9 10 11 12 13 14 |
---------------+-------------------------------------------+-----
Stealth        | 1 2 3 4 6 7 8 9 11 | 11.3
Axes           | 2 3 4 5 6 8 10 11 12 | 12.9
Armour         | 3 4 5 6 7 8 9 |  9.1
Fighting       | 4 5 6 7 8 9 10 | 10.8
Shields        | 3 4 5 6 7 |  7.4
Dodging        | 1 |  1.5
Evocations     | 1 |  1.5
Spellcasting   | 1 |  1.2

Action                     |  1- 3 |  4- 6 |  7- 9 | 10-12 | 13-15 || total
---------------------------+-------+-------+-------+-------+-------++-------
  Melee: War axe           |    99 |   106 |   248 |   388 |   168 ||  1009
    Use: Scroll            |     2 |       |    15 |       |       ||    17
   Stab: Sleeping          |     3 |     3 |     9 |    12 |     9 ||    36
         Distracted        |       |       |       |     3 |     5 ||     8
 Armour: Scale mail        |    70 |   134 |   262 |     8 |       ||   474
         Plate armour      |       |       |       |   338 |   199 ||   537
  Dodge: Dodged            |    48 |    92 |   189 |   440 |   224 ||   993
  Block: Buckler           |    26 |    48 |   106 |   227 |   115 ||   522

Table legend: (Time is in decaauts)
 A = Elapsed time spent in this place.
 B = Non-inter-level travel time spent in this place.
 C = Inter-level travel time spent in this place.
 D = Time resting spent in this place.
 E = Time spent auto-exploring this place.
 F = Levels seen in this place.
 G = Mean time per level.
                   A        B        C        D        E       F      G
               +--------+--------+--------+--------+--------+-----+--------+
         Total |  18232 |  16975 |   1257 |    221 |  13024 |  18 | 1012.9 |
       Dungeon |  11139 |  10194 |    945 |    221 |   8022 |  10 | 1113.9 |
        Temple |    143 |     49 |     94 |      0 |      0 |   1 |  143.0 |
          Lair |   5192 |   4975 |    217 |      0 |   3862 |   5 | 1038.4 |
         Sewer |   1249 |   1249 |      0 |      0 |    915 |   1 | 1249.0 |
       Ossuary |    507 |    507 |      0 |      0 |    224 |   1 |  507.0 |
               +--------+--------+--------+--------+--------+-----+--------+

Top non-repeatable levels by time:
     D:6: 1662 daAuts
  Lair:3: 1427 daAuts
     D:9: 1401 daAuts
     D:5: 1297 daAuts
     D:3: 1294 daAuts
   Sewer: 1249 daAuts
     D:4: 1181 daAuts
     D:8: 1160 daAuts
  Lair:1: 1084 daAuts
  Lair:2: 1072 daAuts
     D:7: 936 daAuts
  Lair:4: 915 daAuts
     D:1: 856 daAuts
     D:2: 760 daAuts
  Lair:5: 692 daAuts
